 Dungeon Crawl Stone Soup version 0.20-a0-960-ge493e74 (webtiles) character file.

158 Rrauwl the Bolt Thrower (level 5, 0/41 HPs)
             Began as a Barachi Hunter on Apr 7, 2017.
             Killed from afar by an orc wizard (6 damage)
             ... with a magic dart
             ... on level 2 of the Dungeon.
             The game lasted 00:10:38 (2210 turns).

Rrauwl the Bolt Thrower (Barachi Hunter)            Turns: 2210, Time: 00:10:39

Health: 0/41       AC:  3    Str: 14    XL:     5   Next: 40%
Magic:  7/7        EV: 13    Int: 12    God:
Gold:   66         SH:  0    Dex: 12    Spells: 7/7 levels left

rFire    + . .     SeeInvis .   m - -1 rapier (curse)
rCold    . . .     Gourm    .   (no shield)
rNeg     . . .     Faith    .   c - +0 leather armour
rPois    .         Spirit   .   (no helmet)
rElec    .         Reflect  .   (no cloak)
rCorr    .         Harm     .   (no gloves)
MR       +....                  (no boots)
Stlth    +.........             (no amulet)
Regen    0.2/turn               h - ring of protection from magic
MPRegen  0.1/turn               g - ring of protection from fire

@: slow
A: +LOS, swims, slowness 1, strong legs 1
a: Hop


You were on level 2 of the Dungeon.
You were not hungry.

You visited 1 branch of the dungeon, and saw 3 of its levels.

You collected 66 gold pieces.

Inventory:

Hand Weapons
 a - a +2 hand crossbow
 b - a +0 short sword
 m - a cursed -1 rapier (weapon)
Missiles
 d - 40 bolts
Armour
 c - a +0 leather armour (worn)
Jewellery
 g - a ring of protection from fire (right hand)
 h - a ring of protection from magic (left hand)
Scrolls
 e - 4 scrolls of identify
Comestibles
 f - 2 bread rations
 i - 2 royal jellies
 k - 5 chunks of flesh


   Skills:
 + Level 3.4 Fighting
 + Level 4.6 Crossbows
 + Level 2.3 Armour
 + Level 3.3 Dodging
 - Level 1.0 Stealth
 + Level 1.8 Spellcasting


You had 7 spell levels left.
You didn't know any spells.

Dungeon Overview and Level Annotations

Branches:
Dungeon (3/15)

Altars:


Innate Abilities, Weirdness & Mutations

Shadows flee at your approach. (+LOS)
You can swim through water.
You cover ground slowly.
You can hop short distances.


Message History

The orc wizard is moderately wounded.
The orc wizard hits you but does no damage. x2
You barely miss the orc wizard.
The orc wizard is moderately wounded.
The orc wizard barely misses you.
The orc wizard hits you but does no damage.
You hit the orc wizard but do no damage.
The orc wizard is moderately wounded.
The orc wizard closely misses you. The orc wizard hits you with a dagger.
You hit the orc wizard.
The orc wizard is moderately wounded.
The orc wizard hits you with a dagger.
The orc wizard points at you and mumbles some strange words.
The magic dart hits you!
* * * LOW HITPOINT WARNING * * *
You hit the orc wizard.
The orc wizard is severely wounded.
The orc wizard gestures at you while chanting.
The magic dart hits you!
You die...

##################
...............†>#
##......####...#[#
)'......'....#.#.#
##......####...#.#
#......# #...#.#
#......#
#...o@##########
#......#
#..##.##.......#
#......#
#.....##.#####.###
##......#
##....##.# #...#
..#######
##......# ###.#
..# #...#### #.#
..# ##..# #.# ..#
#..# #.# ..# ##.#
#.#


You could see an orc wizard.

Vanquished Creatures
  Robin (D:2)
  4 gnolls (D:2)
  2 adders
  3 worms (D:2)
  2 leopard geckos
  4 orcs (D:2)
  5 bats
  2 giant cockroaches
  16 goblins
  4 hobgoblins
  11 jackals
  5 kobolds
  A ball python (D:1)
  A frilled lizard (D:1)
  14 rats
75 creatures vanquished.

Notes
Turn   | Place    | Note
-------+----------+-------------------------------------------
     0 | D:1      | Rrauwl the Barachi Hunter began the quest for the Orb.
     0 | D:1      | Reached XP level 1. HP: 17/17 MP: 1/1
   158 | D:1      | Reached skill level 1 in Stealth
   241 | D:1      | Reached XP level 2. HP: 23/23 MP: 2/2
   320 | D:1      | Reached skill level 1 in Armour
   425 | D:1      | Reached XP level 3. HP: 11/28 MP: 2/4
   431 | D:1      | Reached skill level 1 in Spellcasting
   818 | D:2      | Reached XP level 4. HP: 30/35 MP: 4/6
  1535 | D:2      | Reached XP level 5. HP: 27/41 MP: 7/7
  1801 | D:2      | Noticed Robin
  1883 | D:2      | Killed Robin
  2210 | D:2      | Killed from afar by an orc wizard

Vault maps used:
D:1:      dpeg_arrival_radiant, hangedman_decor_lopped
D:2:      kennysheep_goblin_castle

Skill      XL: |  1  2  3  4 |
---------------+-------------+-----
Stealth        | 1 |  1.0
Armour         | 1 2 |  2.3
Spellcasting   | 1 |  1.8
Fighting       | 3 |  3.4
Dodging        | 3 |  3.3
Crossbows      | |  4.6

Action                   |  1- 3 |  4- 6 || total
-------------------------+-------+-------++-------
Melee: Rapier            |       |   172 ||   172
 Fire: Hand crossbow     |    74 |    24 ||    98
 Abil: Hop               |       |     2 ||     2
  Use: Potion            |     2 |     6 ||     8
       Scroll            |     2 |     1 ||     3
  Eat: Chunk             |       |     2 ||     2
       Fruit             |       |     1 ||     1
       Meat ration       |       |     1 ||     1
Armor: Leather armour    |     9 |    51 ||    60
Dodge: Dodged            |    30 |   138 ||   168
